 Dungeon Crawl Stone Soup version 0.27-a0-1139-g28e009f8a6 (webtiles) character file.

Game seed: 6356965880998094975

752 freelancePsychic the Covert (level 7, -2/62 HPs)
             Began as a Gnoll Delver on May 7, 2021.
             Was a Follower of Ashenzari.
             Shot with an arrow by a centaur (12 damage)
             ... on level 5 of the Dungeon.
             The game lasted 00:13:55 (5094 turns).

freelancePsychic the Covert (Gnoll Delver)          Turns: 5094, Time: 00:13:55

Health: -2/62      AC:  5    Str: 12    XL:     7   Next: 78%
Magic:  12/12      EV: 13    Int: 17    God:    Ashenzari [*.....]
Gold:   204        SH:  0    Dex: 13    Spells: 7/13 levels left

rFire    . . .     SeeInvis .   q - +2 spear (vamp)
rCold    . . .     Faith    .   (no shield)
rNeg     . . .     Spirit   .   b - +0 leather armour
rPois    .         Reflect  .   h - +1 helmet of the Chained Planets {Melee, Evo} (curse)
rElec    .         Harm     .   (no cloak)
rCorr    .         Rampage  .   (no gloves)
Will     .....                  (no boots)
Stlth    ++++......             (no amulet)
HPRegen  0.20/turn              i - ring of Ashenzari's Anxiety {Int+6, Self, Elem} (curse)
MPRegen  0.13/turn              (no ring)

@: marked
A: fangs 1, strong nose, distributed training
a: Renounce Religion, Shatter the Chains


You were on level 5 of the Dungeon.
You worshipped Ashenzari.
Ashenzari was aware of your devotion.
You visited 1 branch of the dungeon, and saw 5 of its levels.

You collected 240 gold pieces.
You spent 36 gold pieces at shops.

Inventory:

Hand Weapons
 a - a +0 mace
 l - a +1 flail of protection
 q - a +2 vampiric spear (weapon)
 t - a +0 whip of venom
Missiles
 s - a throwing net (quivered)
Armour
 b - a +0 leather armour (worn)
 h - the cursed +1 helmet of the Chained Planets (worn) {Melee, Evo}
   (You found it on level 4 of the Dungeon)

   It has a curse which improves the following skills: Melee Combat: Short
   Blades, Long Blades, Axes, Maces & Flails, Polearms, Staves and Unarmed
   Combat.
   Evocations: Evocations.
Jewellery
 i - the cursed ring of Ashenzari's Anxiety (left hand) {Int+6, Self, Elem}
   (You found it on level 4 of the Dungeon)

   [ring of intelligence]

   It affects your intelligence (+6).
   It has a curse which improves the following skills: Introspection: Fighting
   and Spellcasting.
   Elements:  Fire Magic, Ice Magic, Air Magic and Earth Magic.
 r - a ring of fire
Wands
 g - a wand of digging (3)
 o - a wand of mindburst (21)
Scrolls
 c - 2 scrolls of fog
 d - a scroll of magic mapping
 e - a scroll of fear
 j - a scroll of enchant weapon
 n - 2 scrolls of brand weapon
 p - a scroll of teleportation {@r4}
Potions
 f - a potion of curing {@q1}
 k - a potion of haste {@q3}
 m - a potion of cancellation


   Skills:
 + Level 7.1(8.1) Fighting
 + Level 2.7(3.6) Short Blades
 + Level 2.7(3.6) Long Blades
 + Level 2.7(3.6) Axes
 + Level 5.3(6.3) Maces & Flails
 + Level 2.7(3.6) Polearms
 + Level 2.7(3.6) Staves
 + Level 2.7 Slings
 + Level 2.7 Bows
 + Level 2.7 Crossbows
 + Level 2.7 Throwing
 + Level 2.7 Armour
 + Level 5.3 Dodging
 + Level 9.9 Stealth
 + Level 2.7 Shields
 + Level 2.7(3.6) Unarmed Combat
 + Level 2.7(3.6) Spellcasting
 + Level 2.2 Conjurations
 + Level 2.2 Hexes
 + Level 2.2 Summonings
 + Level 2.2 Necromancy
 + Level 2.2 Translocations
 + Level 2.2 Transmutations
 + Level 2.2(3.0) Fire Magic
 + Level 2.2(3.0) Ice Magic
 + Level 2.2(3.0) Air Magic
 + Level 2.2(3.0) Earth Magic
 + Level 2.2 Poison Magic
 + Level 3.0 Invocations
 + Level 2.7(3.6) Evocations


You had 7 spell levels left.
You knew the following spells:

 Your Spells              Type           Power      Damage    Failure   Level
a - Mephitic Cloud        Conj/Pois/Air  11%        N/A       22%         3
b - Tukima's Dance        Hex            10%        N/A       26%         3

Your spell library contained the following spells:

 Spells                   Type           Power      Damage    Failure   Level
 Apportation              Tloc           20%        N/A       9%          1
 Magic Dart               Conj           40%        1d5       9%          1
 Blink                    Tloc           N/A        N/A       13%         2
 Call Imp                 Summ           10%        N/A       13%         2
 Searing Ray              Conj           20%        3d3       13%         2
 Slow                     Hex            10%        N/A       13%         2
 Conjure Flame            Conj/Fire      12%        6-21      22%         3
 Dazzling Flash           Conj/Hex       20%        N/A       26%         3
 Lesser Beckoning         Tloc           5%         N/A       26%         3
 Fulminant Prism          Conj/Hex       5%         3d7       63%         4
 Iskenderun's Mystic Bla  Conj/Tloc      10%        2d4       63%         4
 Alistair's Intoxication  Tmut/Pois      6%         N/A       93%         5
 Invisibility             Hex            10%        N/A       100%        6


Dungeon Overview and Level Annotations

Branches:
Dungeon (5/15)             Temple (0/1) D:5

Altars:
Ashenzari
Gozag
Vehumet

Shops:
D:1 *


Innate Abilities, Weirdness & Mutations

You have very sharp teeth.
Your uncanny sense of smell can sniff out nearby items.
Your experience applies equally to all skills.


Message History

You hit the orc priest.
You feel better.
You kill the orc priest!
You feel sick. The adder completely misses you.
The orc hits you but does no damage. The orc barely misses you.
You feel sick. The adder bites you. The orc hits you but does no damage.
You are more poisoned.
The adder completely misses you.
Things that are here:
a +0 hand axe; a +0 leather armour; an orc corpse You closely miss the orc.
You feel very sick.
A centaur comes into view.
The orc hits you but does no damage. The adder barely misses you.
The orc hits you but does no damage.
You feel very sick. The orc completely misses you.
As you read the scroll of teleportation {@r4}, it crumbles to dust.
You feel strangely unstable.
You feel sick. The adder closely misses you. The orc misses you.
You feel sick. The adder bites you.
You are more poisoned.
The adder poisons you!
You feel very sick.
You feel very sick.
Found a scroll of enchant weapon.
Your surroundings suddenly seem different.
You feel sick.
You feel sick.
You feel sick.
You feel sick.
You feel sick.
There is a stone staircase leading up here.
You start resting.
You feel sick. x3
You are no longer poisoned.
You start resting.
A centaur is nearby!
A centaur is nearby!
The centaur wields a +0 shortbow.
The centaur shoots an arrow.
The arrow hits you!
You die...

##....#.....#..⌠...⌠..#..#
###..#####.............## # #..#
###.........#.# # ##.#
##.##.##.#### # #.# ##÷##.#... #
#.##### #..##...### ##
#.....###.#####.#####. .##
#.###.....####......... ..#
#.#####....@....# #.#
#.####.#......######c# ##.##
....##.#.####..#####.# #...#
≈##......# ##.....#.# #...#
≈#######.# #####.#.# #...# . ≈#
#.# #####.#.#####...##.)
.#######.#####...........(....gs.
.......................###...##..
..≈#######.###.........###...# .


You could see a centaur.

Vanquished Creatures
  A sky beast (D:3)
  2 ogres (D:5)
  A scorpion (D:5)
  A howler monkey (D:5)
  A gnoll shaman (D:3)
  An orc priest (D:5)
  A centaur skeleton (D:4)
  2 jellies
  An iguana (D:4)
  Robin (D:3)
  10 gnolls
  3 adders
  A white imp (D:5)
  A worm (D:2)
  A dart slug (D:2)
  6 orcs
  8 endoplasms
  4 giant cockroaches
  13 goblins
  5 hobgoblins
  4 jackals (D:1)
  3 quokkas
  3 ball pythons
  4 bats
  9 frilled lizards (D:4)
  5 kobolds
  2 rats
94 creatures vanquished.

Vanquished Creatures (others)
  7 plants (D:4)
7 creatures vanquished.

Grand Total: 101 creatures vanquished

Notes
Turn   | Place    | Note
-------+----------+-------------------------------------------
     0 | D:5      | Reached skill level 9 in Stealth
     0 | D:5      | freelancePsychic the Gnoll Delver began the quest for the
                  | Orb.
     0 | D:5      | Reached XP level 1. HP: 23/23 MP: 1/1
     5 | D:5      | Noticed a jelly
    22 | D:5      | Noticed an ogre
   159 | D:4      | Found a radiant altar of Vehumet.
   245 | D:4      | Reached XP level 2. HP: 9/29 MP: 2/2
   245 | D:4      | Reached XP level 3. HP: 11/35 MP: 3/3
   577 | D:4      | Reached skill level 1 in Short Blades
   577 | D:4      | Reached skill level 1 in Long Blades
   577 | D:4      | Reached skill level 1 in Axes
   577 | D:4      | Reached skill level 1 in Polearms
   577 | D:4      | Reached skill level 1 in Staves
   577 | D:4      | Reached skill level 1 in Slings
   577 | D:4      | Reached skill level 1 in Bows
   577 | D:4      | Reached skill level 1 in Crossbows
   577 | D:4      | Reached skill level 1 in Throwing
   577 | D:4      | Reached skill level 1 in Armour
   577 | D:4      | Reached skill level 1 in Shields
   577 | D:4      | Reached skill level 1 in Unarmed Combat
   577 | D:4      | Reached skill level 1 in Spellcasting
   577 | D:4      | Reached skill level 1 in Invocations
   577 | D:4      | Reached skill level 1 in Evocations
   577 | D:4      | Reached XP level 4. HP: 9/41 MP: 5/5
   975 | D:3      | Found a broken altar of Ashenzari.
  1030 | D:3      | Noticed Robin
  1065 | D:3      | Killed Robin
  1066 | D:3      | Reached skill level 1 in Conjurations
  1066 | D:3      | Reached skill level 1 in Hexes
  1066 | D:3      | Reached skill level 1 in Summonings
  1066 | D:3      | Reached skill level 1 in Necromancy
  1066 | D:3      | Reached skill level 1 in Translocations
  1066 | D:3      | Reached skill level 1 in Transmutations
  1066 | D:3      | Reached skill level 1 in Fire Magic
  1066 | D:3      | Reached skill level 1 in Ice Magic
  1066 | D:3      | Reached skill level 1 in Air Magic
  1066 | D:3      | Reached skill level 1 in Earth Magic
  1066 | D:3      | Reached skill level 1 in Poison Magic
  1122 | D:3      | Noticed a sky beast
  1132 | D:3      | Killed a sky beast
  1133 | D:3      | Reached XP level 5. HP: 17/47 MP: 5/7
  1418 | D:3      | Reached XP level 6. HP: 29/53 MP: 8/8
  1906 | D:1      | Found Jofakaip's Assorted Antiques.
  1911 | D:1      | Bought a scroll labelled FOPEMUSHRA OSTREPH for 18 gold
                  | pieces
  1911 | D:1      | Bought a scroll labelled FOPEMUSHRA OSTREPH for 18 gold
                  | pieces
  1911 | D:1      | Identified a scroll of acquirement
  1912 | D:1      | Acquired a book of Party Tricks
  2221 | D:3      | Became a worshipper of Ashenzari the Shackled
  2768 | D:2      | Reached skill level 5 in Maces & Flails
  2768 | D:2      | Reached skill level 5 in Dodging
  2980 | D:2      | Found a faded altar of an unknown god.
  3290 | D:3      | Found an opulent altar of Gozag.
  3856 | D:5      | Reached XP level 7. HP: 33/60 MP: 9/11
  4158 | D:4      | Learned a level 3 spell: Mephitic Cloud
  4162 | D:4      | Learned a level 3 spell: Tukima's Dance
  4502 | D:5      | Found a staircase to the Ecumenical Temple.
  4954 | D:5      | Reached * piety under Ashenzari
  5094 | D:5      | Shot with an arrow by a centaur

Illustrated notes

Levels and vault maps discovered:
D:1:      minmay_arrival_stair_chambers, layout_loops_cross, serial_shops,
          shop_statue, grunt_decor_mini_mirrors,
          amcnicky_mini_rare_corridor_liquid
D:2:      layout_rooms, ebering_ecumenical_altar_hall
D:3:      layout_loops_ring, nicolae_ashenzari_skybound, lemuel_doored_altar,
          serial_glass, glass_columns_a, glass_columns_b, item_on_display_b,
          feat_on_display, item_on_display_a, uniq_robin
D:4:      layout_basic, fiery_altar_vehumet, minmay_lizard_king
D:5:      layout_rooms, minmay_temple_entry_large_hall,
          chequers_serial_rivers_small_b

Skill      XL: |  1  2  3  4  5  6  7 |
---------------+----------------------+-----
Stealth        | |  9.9
Short Blades   | 1 2 |  2.7
Long Blades    | 1 2 |  2.7
Axes           | 1 2 |  2.7
Polearms       | 1 2 |  2.7
Staves         | 1 2 |  2.7
Slings         | 1 2 |  2.7
Bows           | 1 2 |  2.7
Crossbows      | 1 2 |  2.7
Throwing       | 1 2 |  2.7
Armour         | 1 2 |  2.7
Shields        | 1 2 |  2.7
Unarmed Combat | 1 2 |  2.7
Spellcasting   | 1 2 |  2.7
Invocations    | 1 2 3 |  3.0
Evocations     | 1 2 |  2.7
Conjurations   | 1 2 |  2.2
Hexes          | 1 2 |  2.2
Summonings     | 1 2 |  2.2
Necromancy     | 1 2 |  2.2
Translocations | 1 2 |  2.2
Transmutations | 1 2 |  2.2
Fire Magic     | 1 2 |  2.2
Ice Magic      | 1 2 |  2.2
Air Magic      | 1 2 |  2.2
Earth Magic    | 1 2 |  2.2
Poison Magic   | 1 2 |  2.2
Maces & Flails | 5 |  5.3
Dodging        | 5 |  5.3
Fighting       | 7 |  7.1

Action                   |  1- 3 |  4- 6 |  7- 9 || total
-------------------------+-------+-------+-------++-------
Melee: Mace              |    11 |       |       ||    11
       Bite              |     2 |    18 |     6 ||    26
       Flail             |    21 |   147 |       ||   168
       Spear             |       |    64 |    99 ||   163
       Punch             |       |     2 |     1 ||     3
Invok: Curse Item        |       |     1 |     1 ||     2
  Use: Potion            |       |     2 |       ||     2
       Scroll            |       |     3 |     2 ||     5
 Stab: Sleeping          |     3 |    29 |     2 ||    34
       Distracted        |       |     1 |       ||     1
Armor: Leather armour    |    19 |    51 |    20 ||    90
Dodge: Dodged            |    32 |   127 |    63 ||   222

Table legend: (Time is in decaauts)
 A = Elapsed time spent in this place.
 B = Non-inter-level travel time spent in this place.
 C = Inter-level travel time spent in this place.
 D = Time resting spent in this place.
 E = Time spent auto-exploring this place.
 F = Levels seen in this place.
 G = Mean time per level.
                   A        B        C        D        E       F      G
               +--------+--------+--------+--------+--------+-----+--------+
         Total |   5111 |   4671 |    440 |   1301 |   2380 |   5 | 1022.2 |
       Dungeon |   5111 |   4671 |    440 |   1301 |   2380 |   5 | 1022.2 |
               +--------+--------+--------+--------+--------+-----+--------+

Top non-repeatable levels by time:
     D:4: 1798 daAuts
     D:3: 1346 daAuts
     D:1: 745 daAuts
     D:5: 711 daAuts
     D:2: 509 daAuts
